 Dungeon Crawl Stone Soup version 0.30-a0-937-ga0a21ad780 (webtiles) character file.

Game seed: 15810686057134014606

254 FexLirch the Ruffian (level 6, 0/51 HPs)
             Began as a Ghoul Delver on Mar 24, 2023.
             Slain by a bat (1 damage)
             ... in a sewer.
             The game lasted 00:01:40 (176 turns).

FexLirch the Ruffian (Ghoul Delver)                  Turns: 176, Time: 00:01:41

Health: 0/51       AC:  3    Str: 18    XL:     6   Next: 14%
Magic:  5/5        EV: 11    Int:  5    God:
Gold:   33         SH:  0    Dex: 10    Spells: 5/5 levels left

rFire   . . .      SeeInvis .      - Unarmed
rCold   + . .      Faith    .    (no shield)
rNeg    + + +      Spirit   .    a - +0 leather armour
rPois   ∞          Reflect  .    (no helmet)
rElec   .          Rampage  .    (no cloak)
rCorr   .                        (no gloves)
Will    .....                    (no boots)
Stlth   +++                      (no amulet)
HPRegen 0.00/turn                (no ring)
MPRegen 0.09/turn                (no ring)

@: inhibited regen
A: claws 1, cold resistance 1, negative energy resistance 3, inhibited
regeneration, torment resistance 2, devour on kill
a: no special abilities


You were in a sewer.
You visited 1 branch of the dungeon, and saw 3 of its levels.
You also visited: Sewer.

You collected 33 gold pieces.

Inventory:

Missiles
 g - 6 stones (quivered)
Armour
 a - a +0 leather armour (worn)
 e - a +0 robe of positive energy
Wands
 f - a wand of digging (3)
Scrolls
 b - a scroll of fog
 c - a scroll of magic mapping
 h - a scroll of teleportation {unknown}


   Skills:
 - Level 3.2 Fighting
 - Level 1.7 Dodging
 - Level 5.4 Stealth
 + Level 6.9 Unarmed Combat


You had 5 spell levels left.
You didn't know any spells.
Your spell library was empty.

Dungeon Overview and Level Annotations

Branches:
Dungeon (6/15)              Sewer (1/1)
 Temple: D:4-7

Altars:

Annotations:
D:5 Dowan


Innate Abilities, Weirdness & Mutations

You are immune to poison.
You have sharp fingernails.
Your flesh is cold resistant. (rC+)
You are immune to negative energy. (rN+++)
You do not regenerate when monsters are visible.
You are immune to unholy pain and torment.
You thrive by killing the living.


Message History

You throw a stone.
The stone hits Dowan but does no damage.
Dowan is severely wounded.
Dowan casts a spell at you. The shard of ice hits you! You partially resist.
* * * LOW HITPOINT WARNING * * *
As you read the scroll of fear, it crumbles to dust.
You assume a fearsome visage.
Dowan looks frightened!
Dowan casts a spell.
Dowan blinks!
Dowan mumbles some strange words.
Dowan blinks!
Dowan mumbles some strange words.
Dowan blinks!
Dowan mumbles some strange words.
Dowan blinks!
You enter the shallow water.
Moving in this stuff is going to be slow.
Dowan mumbles some strange words.
Dowan blinks!
Dowan mumbles some strange words.
Dowan blinks!
Dowan gestures wildly while chanting.
Dowan blinks!
Dowan mumbles some strange words.
Dowan blinks!
There is a glowing drain here.
You hear the slow rusting of a drain.
Dowan casts a spell.
Dowan blinks!
The world spins around you as you enter the gateway.
You enter a sewer!
Found a gate leading back out of this place.
There is an empty arch of ancient stone here.
The bat closely misses you.
There is a gate leading back out of this place here.
You barely miss the bat. The bat hits you.
* * * LOW HITPOINT WARNING * * *
The bat barely misses you. The bat hits you.
You die...

######
#..b..#
...≈...##
bb≈≈≈..b##
.≈≈≈≈≈b∩@#
..≈≈≈..b##
...≈...##
#b....#
######


You could see 6 bats.

Vanquished Creatures
  Menkaure (D:5)
  Duvessa (D:5)
  An iguana (D:5)
  A ball python (D:5)
  3 rats (D:5)
7 creatures vanquished.

Notes
Turn   | Place    | Note
-------+----------+-------------------------------------------
     0 | D:5      | FexLirch the Ghoul Delver began the quest for the Orb.
     0 | D:5      | Reached XP level 1. HP: 19/19 MP: 0/0
    76 | D:5      | Noticed an iguana
    86 | D:5      | Killed an iguana
    87 | D:5      | Reached skill level 3 in Unarmed Combat
    87 | D:5      | Reached XP level 2. HP: 24/26 MP: 1/1
    87 | D:5      | Reached XP level 3. HP: 29/31 MP: 2/2
    95 | D:5      | Noticed Menkaure
   103 | D:5      | Killed Menkaure
   104 | D:5      | Reached skill level 5 in Unarmed Combat
   104 | D:5      | Reached XP level 4. HP: 37/38 MP: 3/3
   104 | D:5      | Reached XP level 5. HP: 44/45 MP: 4/4
   136 | D:5      | Found a glowing drain.
   138 | D:5      | Noticed Dowan
   139 | D:5      | Noticed Duvessa
   154 | D:5      | Killed Duvessa
   155 | D:5      | Reached skill level 6 in Unarmed Combat
   155 | D:5      | Reached XP level 6. HP: 19/51 MP: 5/5
   166 | D:5      | HP: 2/51 [Dowan/shard of ice (10)]
   173 | Sewer    | Entered a sewer
   176 | Sewer    | HP: 1/51 [bat (1)]
   176 | Sewer    | Slain by a bat

Illustrated notes

Levels and vault maps discovered:
D:4:      cheibrodos_thug_alley, layout_basic, minmay_temple_entry_wispy
D:5:      lemuel_ratsnest, layout_loops_corners, kennysheep_mini,
          portal_sewer_entry_a, uniq_prince_ribbit1, uniq_menkaure, uniq_duvessa
D:6:      layout_rooms, hellmonk_no_cap
Sewer:    sewer_big_baddie

Skill      XL: |  1  2  3  4  5 |
---------------+----------------+-----
Unarmed Combat | 3 5 6 |  6.9
Fighting       | |  3.2
Dodging        | |  1.7
Stealth        | |  5.4

Action                     |  1- 3 |  4- 6 || total
---------------------------+-------+-------++-------
  Melee: Unarmed           |    11 |    21 ||    32
         Punch             |       |     2 ||     2
  Throw: Stone             |       |     1 ||     1
    Use: Potion            |     1 |       ||     1
         Scroll            |       |     1 ||     1
 Armour: Leather armour    |     1 |     1 ||     2
  Dodge: Dodged            |     3 |     7 ||    10

Table legend: (Time is in decaauts)
 A = Elapsed time spent in this place.
 B = Non-inter-level travel time spent in this place.
 C = Inter-level travel time spent in this place.
 D = Time resting spent in this place.
 E = Time spent auto-exploring this place.
 F = Levels seen in this place.
 G = Mean time per level.
                   A        B        C        D        E       F      G
               +--------+--------+--------+--------+--------+-----+--------+
         Total |    156 |    156 |      0 |      0 |      0 |   4 |   39.0 |
       Dungeon |    153 |    153 |      0 |      0 |      0 |   3 |   51.0 |
         Sewer |      2 |      2 |      0 |      0 |      0 |   1 |    2.0 |
               +--------+--------+--------+--------+--------+-----+--------+

Top non-repeatable levels by time:
     D:5: 142 daAuts
     D:6: 8 daAuts
   Sewer: 2 daAuts
     D:4: 1 daAuts
